Unix NetHack Version 5.0.0-0 post-release - last build May 17 2026 04:57:42 (dc50c8380fa5e20985bfe3072449f57b8d9895ef,branch:main).

Game began 2026-05-19 22:42:59, ended 2026-05-19 23:55:59.

Brudee, chaotic female human Monk

                         ----
                         -@.-
                        |&d&...
                        |.).....-
                        |[.f..o...
                        -.G.........
                         .h).........|
                          .........---
                          *.......--
                          ........|
                          ........-
                         |.........
                          #.........
                          #-.....--.
                          | .....| --
                            .....-
                            -.--.
                             -- -

Brudee the Initiate             St:25 Dx:13 Co:10 In:12 Wi:11 Ch:11  Chaotic S:3920
Dlvl:6 $:920 HP:0(51) Pw:34(34) AC:2 Xp:7/685 TermIll Weak Burdened T:3919

Latest messages:
 Unknown direction: 'i' (aborted).
 Done.
 What do you want to eat? [efghj or ?*] ?
 Core dumped.
 You only feel hungry now.
 Juiblex engulfs you!
 You feel deathly sick.
 You hit Juiblex.
 What do you want to wield? [- lqs or ?*] -
 You are empty handed.
 You begin striking monsters with your gloved hands.
 You hit Juiblex.
 You hit Juiblex.
 You hit Juiblex.
 You are beginning to feel weak.
 You hit Juiblex.
 You hit Juiblex.
 You get expelled from Juiblex with a squelch!
 There is a staircase up to level 5 here.
 You see here a dagger.
 Juiblex hits!
 What do you want to drink? [crwBWXZ or ?*] ?
 You feel better.
 The dwarf picks up a wand.
 The dwarf zaps a forked wand!
 The wand hits "Barney"!
 What do you want to drink? [crwWXZ or ?*] ?
 This burns like acid!
 The housecat misses "Barney".
 The dwarf picks up a dagger.
 The gnome throws a dagger!
 The dagger hits "Barney".
 The housecat misses "Barney".
 You miss Juiblex.
 The housecat bites "Barney".
 "Barney" misses the housecat.
 Juiblex vanishes and reappears next to you.
 Juiblex vanishes and reappears next to you.
 Juiblex engulfs you!
 You feel much worse.
 You hit Juiblex.
 You hear some noises.
 You get expelled from Juiblex with a squelch!
 There is a staircase up to level 5 here.
 You see here a dagger.
 Juiblex hits!
 Yeenoghu swings his flail.
 Yeenoghu hits!
 You die...
 Do you want your possessions identified? [ynq] (y) q

Inventory:
 Coins    ('$')
  $ - 920 gold pieces
 Amulets  ('"')
  N - a cursed amulet of restful sleep
  G - an uncursed amulet of unchanging (being worn)
 Weapons  (')')
  l - a +0 shuriken
  s - the blessed fireproof +3 Orcrist
 Armor    ('[')
  S - an uncursed +0 pair of gauntlets of power (being worn)
  Q - an uncursed +2 pair of leather gloves
  t - an uncursed +0 pair of water walking boots
  T - an uncursed +1 robe (being worn)
 Comestibles  ('%')
  f - 3 uncursed apples
  e - 3 uncursed food rations
  h - 6 uncursed fortune cookies
  g - 7 uncursed oranges
  j - 2 uncursed lichen corpses
 Scrolls  ('?')
  F - 2 blessed scrolls of blank paper
  v - 4 uncursed scrolls of blank paper
  I - an uncursed scroll of fire
  M - an uncursed scroll of gold detection
  Y - an uncursed scroll of identify
  K - a cursed scroll of identify
  O - an uncursed scroll of magic mapping
  p - a blessed scroll of scare monster
  n - 2 uncursed scrolls of teleportation
 Spellbooks  ('+')
  U - an uncursed spellbook of healing
 Potions  ('!')
  r - a blessed potion of booze
  X - 3 blessed potions of fruit juice
  W - a cursed potion of fruit juice
  c - an uncursed potion of healing
  w - an uncursed potion of object detection
  Z - 7 potions of holy water
 Rings    ('=')
  E - an uncursed ring of cold resistance (on right hand)
 Wands    ('/')
  C - a wand of speed monster (0:6)
  D - a wand of teleportation (0:8)
 Tools    ('(')
  i - an uncursed sack containing 1 item
  b - an uncursed blindfold
  P - a can of grease (0:17)
  q - a +0 pick-axe
  k - an uncursed skeleton key
  m - an uncursed tin opener
  J - an uncursed tin opener
  V - a tinning kit (0:40)
  u - an uncursed partly used wax candle
 Gems/Stones  ('*')
  A - an uncursed aquamarine stone
  L - a cursed worthless piece of green glass

Contents of the sack:
  a blessed scroll of scare monster

Brudee the Monk's attributes:

Background:
 You were an Initiate, a level 7 female human Monk.
 You were chaotic, on a mission for Huan Ti
 who was opposed by Shan Lai Ching (lawful) and Chih Sung-tzu (neutral).
 You were right-handed.
 You were in the Gnomish Mines, on level 6.
 You entered the dungeon 3919 turns ago.
 It was nighttime.
 There was a new moon in effect when your adventure ended.
 You had 685 experience points, 595 more were needed to attain level 8.
 Your score was 3920 before end-of-game adjustments.

Basics:
 You had 0 out of 51 hit points.
 You had all 34 energy points (spell power).
 Your armor class was 2.
 Your wallet contained 920 zorkmids.
 Autopickup was on for '$!=+?/"' plus thrown.

Final Characteristics:
 Your strength was 25 (base:18, innate limit:18/100).
 Your dexterity was 13 (limit:18).
 Your constitution was 10 (limit:18).
 Your intelligence was 12 (limit:18).
 Your wisdom was 11 (limit:18).
 Your charisma was 11 (limit:18).

Final Status:
 You were terminally sick from illness.
 You were weak from severe hunger.
 You were burdened; movement was slightly slowed.
 You were empty handed.
 You were skilled in martial arts.

Final Attributes:
 You were piously aligned.
 You were cold resistant.
 Your items were protected from cold.
 You were sleep resistant.
 You were poison resistant.
 You saw invisible.
 You were warned.
 You were clairvoyant.
 You were stealthy.
 You had a small defense bonus (+4).
 You were guarded.
 Your spell casting was enhanced by wearing a robe.
 You couldn't change from your current form.
 You were fast.
 You are dead.

Miscellaneous:
 You encountered 1 bones level.
 Total elapsed playing time was 1 hour, 12 minutes and 59 seconds.

Major events:
 Turn
    1: Brudee the chaotic female human Monk entered the dungeon
 1593: attained the rank of Novice (level 3)
 1928: entered the Gnomish Mines
 2229: reached Mine Town
 2727: attained the rank of Initiate (level 6)
 3068: was bestowed with Orcrist by Huan Ti
 3919: killed by Yeenoghu

Spells:
 Name                 Level Category     Fail Retention
 confuse monster        1   enchantment    0%  76%-100%

Skills:
 Fighting Skills
   martial arts       [Skilled]
 Weapon Skills
   broadsword         [Basic]
   quarterstaff       [Unskilled]
   spear              [Unskilled]
   crossbow           [Unskilled]
   shuriken           [Unskilled]
 Spellcasting Skills
   attack spells      [Unskilled]
   healing spells     [Basic]
   divination spells  [Unskilled]
   enchantment spells [Unskilled]
   clerical spells    [Unskilled]
   escape spells      [Unskilled]
   matter spells      [Unskilled]

Voluntary challenges:
 Character rerolling was not enabled.
 You followed a strict vegan diet.
 You never genocided any monsters.
 You never polymorphed an object.
 You never changed form.
 You used no wishes.
Achievements:
 You entered a shop.
 You attained the rank of Novice.
 You entered the Gnomish Mines.
 You entered Minetown.
 You entered a temple.
 You attained the rank of Initiate.

 The Dungeons of Doom: levels 1 to 5
    Level 1:
    Level 2:
       A vegetarian food shop, a fountain.
       Stairs down to The Gnomish Mines.
    Level 3:
       A general store, a fountain.
    Level 4:
       A general store.
    Level 5:
       A throne, a fountain.
 The Gnomish Mines: levels 3 to 6
    Level 3:
    Level 4:
    Level 5:
       Many shops, a temple and an altar to Huan Ti, many fountains.
    Level 6: <- You were here.
       A grave.
       Final resting place for
          you, killed by Yeenoghu,
          jigsy-Bar-Orc-Fem-Cha, killed by Yeenoghu.


Vanquished creatures:
  a small mimic
  a leprechaun
  a housecat
  a blue jelly
  a fog cloud
  a shrieker
  a violet fungus
  5 gnome leaders
  3 gnomish wizards
  3 paper golems
  4 giant ants
  a little dog
  a floating eye
  6 dwarves
  a giant bat
 an orc zombie
  2 dwarf zombies
  2 iguanas
  2 coyotes
  a gas spore
  2 hobbits
  a hobgoblin
  a cave spider
  a brown mold
  a yellow mold
 21 gnomes
  2 gnome zombies
  4 geckos
  7 jackals
  a goblin
  3 sewer rats
  3 grid bugs
  5 lichens
  a kobold zombie
  5 newts
97 creatures vanquished.

No species were genocided or became extinct.

Game over:
                       ----------
                      /          \
                     /    REST    \
                    /      IN      \
                   /     PEACE      \
                  /                  \
                  |      Brudee      |
                  |      920 Au      |
                  |    killed by     |
                  |     Yeenoghu     |
                  |                  |
                  |                  |
                  |       2026       |
                 *|     *  *  *      | *
        _________)/\\_//(\/(/\)/\//\/|_)_______

Goodbye Brudee the Monk...

You died in The Gnomish Mines on dungeon level 6 with 3828 points,
and 920 pieces of gold, after 3919 moves.
You were level 7 with a maximum of 51 hit points when you died.

